 Dungeon Crawl Stone Soup version 0.27-a0-767-g00efbec225 (webtiles) character file.

Game seed: 4897565448021111245

389 Ijustatesigmund the Chopper (level 6, 0/51 HPs)
             Began as a Demonspawn Fighter on Mar 25, 2021.
             Slain by Grinder (6 damage)
             ... on level 4 of the Dungeon.
             The game lasted 00:06:04 (3966 turns).

Ijustatesigmund the Chopper (Demonspawn Fighter)    Turns: 3966, Time: 00:06:05

Health: 0/51       AC: 11    Str: 16    XL:     6   Next: 50%
Magic:  6/6        EV:  5    Int: 10    God:
Gold:   183        SH:  8    Dex: 14    Spells: 5/5 levels left

rFire    . . .     SeeInvis .   a - +2 war axe
rCold    . . .     Faith    .   c - +0 kite shield
rNeg     . . .     Spirit   .   b - +0 chain mail
rPois    .         Reflect  .   (no helmet)
rElec    .         Harm     .   (no cloak)
rCorr    .         Rampage  .   (no gloves)
Will     .....                  (no boots)
Stlth    ..........             (no amulet)
HPRegen  0.17/turn              (no ring)
MPRegen  0.10/turn              (no ring)

@: very slightly contaminated
A: claws 1, rugged brown scales 2, powered by death 1
a: no special abilities


You were on level 4 of the Dungeon.
You visited 1 branch of the dungeon, and saw 5 of its levels.

You collected 183 gold pieces.

Inventory:

Hand Weapons
 a - a +2 war axe (weapon)
Armour
 b - a +0 chain mail (worn)
 c - a +0 kite shield (worn)
Jewellery
 d - a +6 ring of dexterity
Wands
 j - a wand of charming (3)
 k - a wand of flame (23)
Scrolls
 g - a scroll of fog
Potions
 e - a potion of magic
 f - a potion of resistance
 i - a potion of berserk rage {unknown}


   Skills:
 + Level 4.5 Fighting
 * Level 4.6 Axes
 + Level 2.8 Armour
 - Level 2.6 Dodging
 - Level 2.6 Shields


You had 5 spell levels left.
You didn't know any spells.
Your spell library contained the following spells:

 Spells                   Type           Power      Damage    Failure   Level
 Animate Skeleton         Necr           0%         N/A       100%        1
 Apportation              Tloc           0%         N/A       100%        1
 Corona                   Hex            0%         N/A       100%        1
 Summon Small Mammal      Summ           0%         N/A       100%        1


Dungeon Overview and Level Annotations

Branches:
Dungeon (5/15)             Temple (0/1) D:4

Altars:
Nemelex Xobeh

Annotations:
D:4 Grinder


Innate Abilities, Weirdness & Mutations

You have sharp fingernails.
You are mostly covered in rugged brown scales. (AC +2, +5% HP)
You regenerate a little health from kills.


Message History

Grinder is heavily wounded.
Grinder blinks! x2
No target in view!
Grinder is nearby!
Grinder blinks!
Grinder gestures at you.
You barely resist.
Grinder blinks!
Grinder gestures at you. Pain shoots through your body!
You slash Grinder!
Grinder is severely wounded.
Grinder gestures at you. Pain shoots through your body!
You barely miss Grinder.
Grinder is severely wounded.
Grinder gestures at you.
You suddenly lose the ability to move!
Grinder hits you.
You writhe in agony.
You flicker for a moment.
Grinder gestures at you. Pain shoots through your body!
* * * LOW HITPOINT WARNING * * *
Grinder hits you!
* * * LOW HITPOINT WARNING * * *
You writhe in agony.
* * * LOW HITPOINT WARNING * * *
Grinder barely misses you. Grinder gestures at you.
You shrug off the repeated paralysis!
Grinder hits you.
* * * LOW HITPOINT WARNING * * *
You writhe in agony.
* * * LOW HITPOINT WARNING * * *
You can move again.
It was a potion of curing.
You feel better.
You flicker back into view.
Grinder hits you.
* * * LOW HITPOINT WARNING * * *
You writhe in agony.
You die...

#.###)...............#.##.##
#..#..#.########...#.#.##.#
##...##.# ##.##.#.##.#
........# ####.#.##)#
............ .##.#.##.#
#######.#### ##..[......###
.# #........ ...# ### #
#.###.# #..### ..#
#####@....# #....# #.#
#.####....5..>.# #..#.###
#...........##.# ##..#...#
##.###.###.###.####..##.#.#
#. #.# #....#.#.#.#.# #. ...
#............. ##
##..#####.#.##+##.# #.# #..#
#...#...#.. #.# #.# #..#
#.#.'...+.#


You could see Grinder.

Vanquished Creatures
  A black bear (D:5)
  A phantom (D:5)
  A bullfrog zombie (D:4)
  An orc priest (D:3)
  An orc wizard (D:3)
  5 adders
  A dart slug (D:1)
  5 orcs
  6 endoplasms
  3 giant cockroaches
  6 goblins
  7 hobgoblins
  11 jackals
  4 quokkas
  2 ball pythons
  7 bats
  2 frilled lizards (D:1)
  9 kobolds
  3 rats
76 creatures vanquished.

Vanquished Creatures (collateral kills)
  An adder (D:5)
  5 orcs (D:5)
6 creatures vanquished.

Vanquished Creatures (others)
  2 fungi (D:1)
2 creatures vanquished.

Grand Total: 84 creatures vanquished

Notes
Turn   | Place    | Note
-------+----------+-------------------------------------------
     0 | D:1      | Ijustatesigmund the Demonspawn Fighter began the quest for
                  | the Orb.
     0 | D:1      | Reached XP level 1. HP: 18/18 MP: 1/1
   191 | D:1      | You fall into a shaft and drop 1 floor!
   196 | D:2      | Gained mutation: You are partially covered in rugged brown
                  | scales. (AC +1, +3% HP) [demonic ancestry]
   196 | D:2      | Reached XP level 2. HP: 16/24 MP: 2/2
   724 | D:1      | Reached skill level 1 in Dodging
   743 | D:1      | Reached XP level 3. HP: 29/29 MP: 3/3
  1322 | D:2      | Found a sparkling altar of Nemelex Xobeh.
  1847 | D:3      | Found a faded altar of an unknown god.
  1896 | D:3      | Gained mutation: You are mostly covered in rugged brown
                  | scales. (AC +2, +5% HP) [demonic ancestry]
  1896 | D:3      | Reached XP level 4. HP: 26/36 MP: 4/4
  2234 | D:3      | Gained mutation: You regenerate a little health from kills.
                  | [demonic ancestry]
  2234 | D:3      | Reached XP level 5. HP: 33/44 MP: 5/5
  2875 | D:4      | Noticed Grinder
  2889 | D:4      | Paralysed by Grinder for 5 turns
  3238 | D:5      | Entered Level 5 of the Dungeon
  3245 | D:5      | Noticed a black bear
  3246 | D:5      | Noticed a phantom
  3252 | D:5      | Killed a black bear
  3262 | D:5      | Killed a phantom
  3263 | D:5      | Gained mutation: You have sharp fingernails. [demonic
                  | ancestry]
  3263 | D:5      | Reached XP level 6. HP: 36/51 MP: 6/6
  3539 | D:4      | Found a staircase to the Ecumenical Temple.
  3960 | D:4      | Paralysed by Grinder for 6 turns
  3965 | D:4      | HP: 2/51 [Grinder (2)]
  3966 | D:4      | Slain by Grinder

Illustrated notes

Levels and vault maps discovered:
D:1:      wander_arrival_fairy_ring, layout_loops_cross
D:2:      layout_rooms, nemelex_altar_shiori, minmay_hedge_maze,
          minmay_misc_feat_four_crosses
D:3:      layout_basic, chequers_ecumenical_altar_grove
D:4:      layout_loops_ring, minmay_temple_entry_water_ring,
          minmay_misc_feat_doors, uniq_grinder
D:5:      layout_rooms

Skill      XL: |  1  2  3  4  5 |
---------------+----------------+-----
Axes           | 2 3 4 |  4.6
Dodging        | 1 2 |  2.6
Fighting       | 4 |  4.5
Armour         | |  2.8
Shields        | |  2.6

Action                   |  1- 3 |  4- 6 || total
-------------------------+-------+-------++-------
Melee: War axe           |   122 |   117 ||   239
Evoke: Wand              |       |     3 ||     3
  Use: Scroll            |     9 |     2 ||    11
       Potion            |       |     4 ||     4
 Stab: Invisible         |       |     1 ||     1
Armor: Scale mail        |    69 |    36 ||   105
       Chain mail        |       |    17 ||    17
Dodge: Dodged            |    39 |    40 ||    79
Block: Kite shield       |    76 |    70 ||   146

Table legend: (Time is in decaauts)
 A = Elapsed time spent in this place.
 B = Non-inter-level travel time spent in this place.
 C = Inter-level travel time spent in this place.
 D = Time resting spent in this place.
 E = Time spent auto-exploring this place.
 F = Levels seen in this place.
 G = Mean time per level.
                   A        B        C        D        E       F      G
               +--------+--------+--------+--------+--------+-----+--------+
         Total |   4110 |   4044 |     66 |    719 |   2569 |   5 |  822.0 |
       Dungeon |   4110 |   4044 |     66 |    719 |   2569 |   5 |  822.0 |
               +--------+--------+--------+--------+--------+-----+--------+

Top non-repeatable levels by time:
     D:3: 1494 daAuts
     D:2: 972 daAuts
     D:1: 813 daAuts
     D:4: 683 daAuts
     D:5: 147 daAuts
